ORI
CALIFORNIA STATE UNIVERSITY AT FULLERTON TITANS @ UNIVERSITY OF VIRGINIA CAVALIERS
09/23/2048
 
TOP OF THE 1ST
California State University at Fullerton Titans batting - Pitching for University of Virginia Cavaliers : RHP Jesus Castaneda
Pitching: RHP Jesus Castaneda
Batting: LHB Mike Fernandez 0-0: Foul Ball, location: 2F
0-1: Ball
1-1: Ball
2-1: Swinging Strike
2-2: Ball
3-2: Strikes out swinging
Batting: LHB Jim Snell 0-0: Called Strike
0-1: Called Strike
0-2: Ball
1-2: Fly out, F4 (Popup, 34S, EV 74.4 MPH)
Batting: RHB Simon Sultzbach 0-0: Ball
1-0: Foul Ball, location: 2F
1-1: Foul Ball, location: 2F
1-2: Foul Ball, location: 2F
1-2: Ball
2-2: Ground out 4-3 (Groundball, 4, EV 87.5 MPH)
Top of the 1st over - 0 runs, 0 hits, 0 errors, 0 left on base; California State University at Fullerton 0 - University of Virginia 0
BOTTOM OF THE 1ST
University of Virginia Cavaliers batting - Pitching for California State University at Fullerton Titans : LHP Malcolm Mcquade
Pitching: LHP Malcolm Mcquade
Batting: RHB Luke Bertrand 0-0: Foul Ball, location: 2F
0-1: Called Strike
0-2: Foul Ball, location: 2F
0-2: SOLO HOME RUN (Flyball, 7LD, EV 95.0 MPH), Distance : 352 ft
Batting: RHB Jose Velez 0-0: Ball
1-0: Fly out, F9 (Flyball, 9, EV 86.2 MPH)
Batting: LHB Alex Aguilar 0-0: Swinging Strike
0-1: Ball
1-1: Foul Ball, location: 2F
1-2: Ball
2-2: Foul Ball, location: 2F
2-2: Ball
3-2: Strikes out swinging
Batting: LHB Josh Glass 0-0: Fly out, F7 (Flyball, 78M, EV 86.2 MPH)
Bottom of the 1st over - 1 run, 1 hit, 0 errors, 0 left on base; California State University at Fullerton 0 - University of Virginia 1
TOP OF THE 2ND
California State University at Fullerton Titans batting - Pitching for University of Virginia Cavaliers : RHP Jesus Castaneda
Batting: LHB Alberto Aguilar 0-0: SINGLE (Groundball, 34D, EV 102.5 MPH)
Batting: RHB Justin Thomas 0-0: Ball
1-0: Fly out, F3 (Popup, 34S, EV 75.6 MPH)
Batting: LHB John Blumberg 0-0: Ball
1-0: Called Strike
1-1: Called Strike
1-2: Ball
2-2: Foul Ball, location: 2F
2-2: Ball
3-2: Foul Ball, location: 2F
3-2: Strikes out swinging
Batting: LHB Steve Lane 0-0: Ball
1-0: Foul Ball, location: 2F
1-1: Fly out, F7 (Flyball, 78M, EV 91.9 MPH)
Top of the 2nd over - 0 runs, 1 hit, 0 errors, 1 left on base; California State University at Fullerton 0 - University of Virginia 1
BOTTOM OF THE 2ND
University of Virginia Cavaliers batting - Pitching for California State University at Fullerton Titans : LHP Malcolm Mcquade
Batting: RHB Scott Anderson 0-0: Foul Ball, location: 2F
0-1: Ball
1-1: SINGLE (Line Drive, 8LS, EV 96.9 MPH)
Batting: LHB Jason Chase 0-0: Ball
1-0: Ball
2-0: Called Strike
2-1: Ball
3-1: Foul Ball, location: 2F
3-2: Foul Ball, location: 2F
3-2: SINGLE (Flyball, 6D, EV 83.1 MPH)
Scott Anderson to second
Batting: RHB Mike Llamas 0-0: Fielders Choice at 2nd, 4-6 (Groundball, 4, EV 106.9 MPH)
Scott Anderson to third
Batting: LHB Ray Nichter 0-0: Called Strike
0-1: Ball
1-1: Called Strike
1-2: Strikes out swinging
Batting: RHB Nick Cech 0-0: Foul Ball, location: 2F
0-1: Called Strike
0-2: Ball
1-2: Foul Ball, location: 2F
1-2: Strikes out swinging
Bottom of the 2nd over - 0 runs, 2 hits, 0 errors, 2 left on base; California State University at Fullerton 0 - University of Virginia 1
TOP OF THE 3RD
California State University at Fullerton Titans batting - Pitching for University of Virginia Cavaliers : RHP Jesus Castaneda
Batting: RHB Alex Freyre 0-0: Ball
1-0: Ground out 6-3 (Groundball, 6S, EV 83.1 MPH)
Batting: RHB Takayashi Hori 0-0: Swinging Strike
0-1: Swinging Strike
0-2: Ball
1-2: Ball
2-2: Strikes out looking
Batting: LHB Mike Fernandez 0-0: Called Strike
0-1: Ball
1-1: SINGLE (Groundball, 4D, EV 101.9 MPH)
Batting: LHB Jim Snell 0-0: Called Strike
0-1: Foul Ball, location: 2F
0-2: Foul Ball, location: 2F
0-2: Ball
1-2: Ball
2-2: Foul Ball, location: 2F
2-2: Foul Ball, location: 2F
2-2: Foul Ball, location: 2F
2-2: Ball
3-2: Base on Balls
Mike Fernandez to second
Batting: RHB Simon Sultzbach 0-0: Ball
Wild Pitch!
Mike Fernandez to third
Jim Snell to second
1-0: Ball
2-0: Fly out, F8 (Flyball, 89D, EV 98.1 MPH)
Top of the 3rd over - 0 runs, 1 hit, 0 errors, 2 left on base; California State University at Fullerton 0 - University of Virginia 1
BOTTOM OF THE 3RD
University of Virginia Cavaliers batting - Pitching for California State University at Fullerton Titans : LHP Malcolm Mcquade
Batting: RHB Luke Bertrand 0-0: Called Strike
0-1: Swinging Strike
0-2: Ball
1-2: Ball
2-2: Ground out 4-3 (Groundball, 4, EV 90.0 MPH)
Batting: RHB Jose Velez 0-0: Swinging Strike
0-1: Ball
1-1: Foul Ball, location: 2F
1-2: Ground out 4-3 (Groundball, 34, EV 108.1 MPH)
Batting: LHB Alex Aguilar 0-0: Foul Ball, location: 2F
0-1: Ground out 4-3 (Groundball, 4, EV 86.2 MPH)
Bottom of the 3rd over - 0 runs, 0 hits, 0 errors, 0 left on base; California State University at Fullerton 0 - University of Virginia 1
TOP OF THE 4TH
California State University at Fullerton Titans batting - Pitching for University of Virginia Cavaliers : RHP Jesus Castaneda
Batting: LHB Alberto Aguilar 0-0: Ball
1-0: Ball
2-0: Foul Ball, location: 2F
2-1: Foul Ball, location: 2F
2-2: Strikes out swinging
Batting: RHB Justin Thomas 0-0: Ball
1-0: Ground out 5-3 (Groundball, 56, EV 86.2 MPH)
Batting: LHB John Blumberg 0-0: Called Strike
0-1: Swinging Strike
0-2: Ball
1-2: Foul Ball, location: 2F
1-2: Foul Ball, location: 2F
1-2: Ball
2-2: Ball
3-2: Ground out 4-3 (Groundball, 4, EV 105.0 MPH)
Top of the 4th over - 0 runs, 0 hits, 0 errors, 0 left on base; California State University at Fullerton 0 - University of Virginia 1
BOTTOM OF THE 4TH
University of Virginia Cavaliers batting - Pitching for California State University at Fullerton Titans : LHP Malcolm Mcquade
Batting: LHB Josh Glass 0-0: Called Strike
0-1: Ball
1-1: Foul Ball, location: 2F
1-2: Foul Ball, location: 2F
1-2: Ball
2-2: Strikes out looking
Batting: RHB Scott Anderson 0-0: Ball
1-0: Called Strike
1-1: Foul Ball, location: 2F
1-2: Ball
2-2: Foul Ball, location: 2F
2-2: Strikes out swinging
Batting: LHB Jason Chase 0-0: Ball
1-0: Foul Ball, location: 2F
1-1: Swinging Strike
1-2: Foul Ball, location: 2F
1-2: Ball
2-2: Foul Ball, location: 2F
2-2: Foul Ball, location: 2F
2-2: Foul Ball, location: 2F
2-2: Ball
3-2: TRIPLE (Line Drive, 78XD, EV 98.1 MPH)
Batting: RHB Mike Llamas 0-0: Foul Ball, location: 2F
0-1: Ball
1-1: Ball
2-1: Called Strike
2-2: Ball
3-2: Foul Ball, location: 2F
3-2: Base on Balls
Batting: LHB Ray Nichter 0-0: Foul Ball, location: 2F
0-1: Ball
1-1: Swinging Strike
1-2: Strikes out swinging
Bottom of the 4th over - 0 runs, 1 hit, 0 errors, 2 left on base; California State University at Fullerton 0 - University of Virginia 1
TOP OF THE 5TH
California State University at Fullerton Titans batting - Pitching for University of Virginia Cavaliers : RHP Jesus Castaneda
Batting: LHB Steve Lane 0-0: Ball
1-0: SINGLE (Groundball, 4MD, EV 95.0 MPH)
Batting: RHB Alex Freyre 0-0: Called Strike
0-1: Fly out, F6 (Line Drive, 6, EV 61.9 MPH)
Batting: RHB Takayashi Hori 0-0: Ball
1-0: Ball
2-0: Called Strike
2-1: Fielders Choice at 2nd, 4-6 (Groundball, 34, EV 92.5 MPH)
Batting: LHB Mike Fernandez 0-0: Ball
1-0: Ground out 4-3 (Groundball, 4, EV 111.9 MPH)
Top of the 5th over - 0 runs, 1 hit, 0 errors, 1 left on base; California State University at Fullerton 0 - University of Virginia 1
BOTTOM OF THE 5TH
University of Virginia Cavaliers batting - Pitching for California State University at Fullerton Titans : LHP Malcolm Mcquade
Pitching: RHP Mario Viera
Batting: RHB Nick Cech 0-0: Called Strike
0-1: Ball
1-1: Fly out, F7 (Line Drive, 7S, EV 88.8 MPH)
Batting: RHB Luke Bertrand 0-0: Called Strike
0-1: Called Strike
0-2: Ground out 5-3 (Groundball, 56S, EV 70.6 MPH)
Batting: RHB Jose Velez 0-0: Ground out 6-3 (Groundball, 6M, EV 98.1 MPH)
Bottom of the 5th over - 0 runs, 0 hits, 0 errors, 0 left on base; California State University at Fullerton 0 - University of Virginia 1
TOP OF THE 6TH
California State University at Fullerton Titans batting - Pitching for University of Virginia Cavaliers : RHP Jesus Castaneda
Batting: LHB Jim Snell 0-0: Ground out 6-3 (Groundball, 6MS, EV 69.4 MPH)
Batting: RHB Simon Sultzbach 0-0: Ball
1-0: Foul Ball, location: 2F
1-1: Foul Ball, location: 2F
1-2: Fly out, F7 (Flyball, 7, EV 96.2 MPH)
Batting: LHB Alberto Aguilar 0-0: Ball
1-0: Called Strike
1-1: Called Strike
1-2: Foul Ball, location: 2F
1-2: Ground out 4-3 (Groundball, 4, EV 101.2 MPH)
Top of the 6th over - 0 runs, 0 hits, 0 errors, 0 left on base; California State University at Fullerton 0 - University of Virginia 1
BOTTOM OF THE 6TH
University of Virginia Cavaliers batting - Pitching for California State University at Fullerton Titans : RHP Mario Viera
Batting: LHB Alex Aguilar 0-0: Swinging Strike
0-1: Swinging Strike
0-2: Ball
1-2: Foul Ball, location: 2F
1-2: Ball
2-2: Ball
3-2: Base on Balls
Batting: LHB Josh Glass 0-0: Called Strike
0-1: Fly out, F8 (Line Drive, 8RD, EV 97.5 MPH)
Batting: RHB Scott Anderson 0-0: Ball
1-0: Called Strike
1-1: Ball
2-1: Foul Ball, location: 2F
2-2: SINGLE (Line Drive, 4D, EV 98.8 MPH)
Alex Aguilar to second
Runner from 2nd tries for 3rd, SAFE, throw by RF made to third
Batting: LHB Jason Chase 0-0: Ball
Scott Anderson is caught stealing 2nd base 2-6
1-0: Called Strike
1-1: Called Strike
1-2: Foul Ball, location: 2F
1-2: Foul Ball, location: 2F
1-2: Ball
2-2: Ground out 6-3 (Groundball, 6, EV 88.1 MPH)
Bottom of the 6th over - 0 runs, 1 hit, 0 errors, 1 left on base; California State University at Fullerton 0 - University of Virginia 1
TOP OF THE 7TH
California State University at Fullerton Titans batting - Pitching for University of Virginia Cavaliers : RHP Jesus Castaneda
Pitching: RHP Brian Ryan
Batting: RHB Justin Thomas 0-0: Ball
1-0: Foul Ball, location: 2F
1-1: Called Strike
1-2: Ground out 1-3 (Groundball, 13S, EV 71.2 MPH)
Batting: LHB John Blumberg 0-0: Ball
1-0: Swinging Strike
1-1: Foul Ball, location: 2F
1-2: Ball
2-2: Ball
3-2: Strikes out swinging, 2-3 out at first.
Batting: LHB Steve Lane 0-0: Ground out 6-3 (Groundball, 6, EV 86.2 MPH)
Top of the 7th over - 0 runs, 0 hits, 0 errors, 0 left on base; California State University at Fullerton 0 - University of Virginia 1
BOTTOM OF THE 7TH
University of Virginia Cavaliers batting - Pitching for California State University at Fullerton Titans : RHP Mario Viera
Pitching: RHP David Akers
Batting: RHB Mike Llamas 0-0: Ball
1-0: Swinging Strike
1-1: SINGLE (Groundball, 34D, EV 95.6 MPH)
Batting: LHB Ray Nichter 0-0: Bunted foul
0-1: Ball
1-1: Bunt missed!
1-2: Foul Ball, location: 2F
1-2: Ball
2-2: Ball
3-2: Foul Ball, location: 2F
3-2: SINGLE (Groundball, 34, EV 106.2 MPH)
Mike Llamas to second
Runner from 2nd tries for 3rd, OUT! 9-5
Ray Nichter to second
Pitching: LHP David Garcia
Batting: RHB Nick Cech 0-0: Called Strike
0-1: Fly out, F8 (Flyball, 8RXD, EV 97.5 MPH)
Runner from 2nd tags up, SAFE at 3rd, no throw by CF
Batting: RHB Luke Bertrand 0-0: Ground out 4-3 (Groundball, 4M, EV 83.8 MPH)
Bottom of the 7th over - 0 runs, 2 hits, 0 errors, 1 left on base; California State University at Fullerton 0 - University of Virginia 1
TOP OF THE 8TH
California State University at Fullerton Titans batting - Pitching for University of Virginia Cavaliers : RHP Brian Ryan
Batting: RHB Alex Freyre 0-0: Ball
1-0: Fly out, F9 (Line Drive, 9, EV 93.1 MPH)
Batting: RHB Takayashi Hori 0-0: Ball
1-0: Ball
2-0: Called Strike
2-1: Foul Ball, location: 2F
2-2: Strikes out swinging
Batting: LHB Mike Fernandez 0-0: Ball
1-0: Ball
2-0: Called Strike
2-1: Ground out 5-3 (Groundball, 5, EV 101.9 MPH)
Top of the 8th over - 0 runs, 0 hits, 0 errors, 0 left on base; California State University at Fullerton 0 - University of Virginia 1
BOTTOM OF THE 8TH
University of Virginia Cavaliers batting - Pitching for California State University at Fullerton Titans : LHP David Garcia
Batting: RHB Jose Velez 0-0: Called Strike
0-1: Ball
1-1: Swinging Strike
1-2: Ball
2-2: Foul Ball, location: 2F
2-2: Foul Ball, location: 2F
2-2: Ball
3-2: Foul Ball, location: 2F
3-2: Base on Balls
Batting: LHB Alex Aguilar 0-0: Called Strike
Jose Velez steals 2nd, throwing error, E2
Jose Velez to third
0-1: Fly out, F6 (Popup, 4MD, EV 65.0 MPH)
Batting: LHB Josh Glass 0-0: Intentional Walk
Batting: RHB Scott Anderson 0-0: Called Strike
0-1: SINGLE (Groundball, 4MD, EV 107.5 MPH)
Jose Velez scores
Josh Glass to second
Batting: LHB Jason Chase 0-0: Ball
1-0: Foul Ball, location: 2F
1-1: Fielders Choice at 2nd, 4-6 (Groundball, 4, EV 101.9 MPH)
Josh Glass to third
Pitching: RHP T.J. Keenan
Batting: RHB Mike Llamas 0-0: Ball
1-0: Called Strike
1-1: Ground out 4-3 (Groundball, 34, EV 108.1 MPH)
Bottom of the 8th over - 1 run, 1 hit, 1 error, 2 left on base; California State University at Fullerton 0 - University of Virginia 2
TOP OF THE 9TH
California State University at Fullerton Titans batting - Pitching for University of Virginia Cavaliers : RHP Brian Ryan
Pitching: RHP Salvo Botticelli
Batting: LHB Jim Snell 0-0: Ball
1-0: Ball
2-0: Called Strike
2-1: Ball
3-1: Foul Ball, location: 2F
3-2: Strikes out looking
Batting: RHB Simon Sultzbach 0-0: Called Strike
0-1: Swinging Strike
0-2: Ball
1-2: Ball
2-2: Strikes out looking
Batting: LHB Alberto Aguilar 0-0: Called Strike
0-1: Foul Ball, location: 2F
0-2: Strikes out swinging
Top of the 9th over - 0 runs, 0 hits, 0 errors, 0 left on base; California State University at Fullerton 0 - University of Virginia 2
Tuesday, March 28th , 2023 - OOTP Baseball 23.10 Build 110